 Dungeon Crawl Stone Soup version 0.30-a0-743-gbfdf073431 (webtiles) character file.

Game seed: 4389430917677308881

49532 jimonade the Eclecticist (level 14, -3/105 HPs)
             Began as a Djinni Ice Elementalist on Feb 7, 2023.
             Was a Priest of Ashenzari.
             Slain by a large abomination (26 damage)
             ... on level 5 of the Lair of Beasts.
             The game lasted 01:06:59 (15788 turns).

jimonade the Eclecticist (Djinni Ice Elementalist) Turns: 15788, Time: 01:07:00

Health: -3/105     AC: 21    Str:  9    XL:     14   Next: 92%
Gold:   1194       EV: 13    Int: 27    God:    Ashenzari [***...] SH:  9 Dex: 13

rFire   + + .      SeeInvis +    b - staff of air
rCold   . . .      Faith    .    B - +2 buckler
rNeg    . . .      Spirit   .    S - +0 troll leather armour "Scepticism of Ashenzari" {Regen+, Self, Cun} (curse)
rPois   ∞          Reflect  .    F - +0 helmet of Ashenzari's Prison {Range, Self} (curse)
rElec   +          Harm     .    o - +0 cloak "Seer of Ashenzari" {Fort, Self} (curse)
rCorr   .          Rampage  .    W - +2 pair of gloves "Sibylline Seeker" {Range, Self} (curse)
Will    +....      Clarity  +    (boots unavailable)
Stlth   ++                       s - amulet of the acrobat
HPRegen 1.17/turn                k - ring of protection from cold
MPRegen 0.00/turn                P - +6 ring of intelligence

@: ice-armoured, radiating poison, immotile, flying, studying Ranged Weapons
A: sickness immunity, fire resistance 2, cold vulnerability 1, float, innate
caster, HP casting, extra vitality 1
a: Renounce Religion, Curse Item, Shatter the Chains


You were on level 5 of the Lair of Beasts.
You worshipped Ashenzari.
Ashenzari was most pleased with you.
You visited 3 branches of the dungeon, and saw 17 of its levels.

You collected 1194 gold pieces.

Inventory:

Hand Weapons
 f - a +2 dagger of distortion
 h - a +0 shortbow of flaming
 Y - a +1 rapier of distortion
 Z - a +1 sling of draining
Missiles
 C - 24 poisoned darts
 O - 2 curare-tipped darts
Armour
 o - the cursed +0 cloak "Seer of Ashenzari" (worn) {Fort, Self}
   (You found it on level 2 of the Dungeon)

   It has a curse which improves the following skills: Fortitude: Armour and
   Shields.
   Introspection: Fighting and Spellcasting.
 t - +0 swamp dragon scales
 B - a +2 buckler (worn)
 F - the cursed +0 helmet of Ashenzari's Prison (worn) {Range, Self}
   (You found it on level 7 of the Dungeon)

   It has a curse which improves the following skills: Ranged Combat: Ranged
   Weapons and Throwing.
   Introspection: Fighting and Spellcasting.
 S - the cursed +0 troll leather armour "Scepticism of Ashenzari" (worn) {Regen+, Self, Cun}
   (You found it on level 9 of the Dungeon)

   Regen:     It increases your rate of health regeneration.
   It has a curse which improves the following skills: Introspection: Fighting
   and Spellcasting.
   Cunning:   Dodging and Stealth.
 T - a +0 robe of positive energy
 W - the cursed +2 pair of gloves "Sibylline Seeker" (worn) {Range, Self}
   (You found it on level 1 of the Lair of Beasts)

   It has a curse which improves the following skills: Ranged Combat: Ranged
   Weapons and Throwing.
   Introspection: Fighting and Spellcasting.
Magical Staves
 a - a staff of poison
 b - a staff of air (weapon)
Jewellery
 k - a ring of protection from cold (left hand)
 m - a ring of resist corrosion
 s - an amulet of the acrobat (around neck)
 M - a ring of see invisible
 P - a +6 ring of intelligence (right hand)
Wands
 A - a wand of flame (37)
 D - a wand of digging (3)
 G - a wand of roots (19)
 X - a wand of polymorph (6)
Scrolls
 c - 4 scrolls of enchant weapon
 g - 5 scrolls of fog
 l - a scroll of summoning
 n - 2 scrolls of fear
 p - a scroll of blinking
 q - 3 scrolls of poison
 y - 4 scrolls of immolation
 z - 2 scrolls of enchant armour
 K - 4 scrolls of vulnerability
 L - 6 scrolls of teleportation
 Q - 10 scrolls of identify
 R - a scroll of brand weapon
 U - 3 scrolls of magic mapping
Potions
 d - 5 potions of heal wounds
 e - 6 potions of flight
 i - 16 potions of curing
 j - 5 potions of might
 u - 2 potions of lignification
 v - 5 potions of attraction
 w - 2 potions of berserk rage
 E - a potion of resistance
 H - a potion of cancellation
 J - 2 potions of ambrosia
 N - 3 potions of invisibility
 V - 2 potions of haste


   Skills:
 * Level 7.4(11.4) Fighting
 + Level 4.1(5.6) Armour
 + Level 4.3(5.8) Dodging
 - Level 1.5(2.7) Stealth
 * Level 9.3(10.9) Shields
 + Level 16.7(20.4) Spellcasting


You had 23 spell levels left.
You knew the following spells:

 Your Spells              Type           Power      Damage    Failure   Level
a - Freeze                Ice            100%       1d10      0%          1
b - Frozen Ramparts       Ice            100%       1d16      0%          3
c - Ozocubu's Armour      Ice            95%        N/A       0%          3
d - Summon Ice Beast      Ice/Summ       95%        N/A       0%          4
e - Shock                 Conj/Air       100%       1d9       0%          1
f - Momentum Strike       Conj/Tloc      100%       3d10      0%          2
g - Vampiric Draining     Necr           95%        2d12      0%          3
h - Ice Form              Ice/Tmut       95%        N/A       0%          4
i - Olgreb's Toxic Radia  Pois           95%        N/A       0%          4
j - Iskenderun's Battles  Conj           95%        2d14      0%          5
Your spell library was empty.

Dungeon Overview and Level Annotations

Branches:
Dungeon (11/15)            Temple (1/1) D:7            Lair (5/5) D:11
  Swamp (0/4) Lair:3        Snake (0/4) Lair:2        Slime (0/5) Lair:4
    Orc (0/2) D:11

Altars:
Ashenzari
Cheibriados
Dithmenos
Elyvilon
Fedhas
Gozag
Hepliaklqana
Makhleb
Nemelex Xobeh
Okawaru
Qazlal
Ru
Trog
Uskayaw
Wu Jian
Xom
Yredelemnul
Zin
The Shining One
Jiyva

Shops:
D:1 (

Annotations:
Lair:3 Rupert


Innate Abilities, Weirdness & Mutations

You are immune to sickness and miasma.
You are immune to poison.
Your flesh is very heat resistant. (rF++)
You are vulnerable to cold. (rC-)
You float through the air rather than walking.
You learn spells naturally, not from books.
Your magical power is your life essence.
You have superior vitality. (+4 MHP)


Message History

* * * LOW HITPOINT WARNING * * *
The large abomination is engulfed in a cloud of scalding steam.
The large abomination hits your ice beast!
Your ice beast dies!
Your ice beast disappears in a puff of smoke!
Casting: Momentum Strike (safe; 0% risk of failure)
Confirm with . or Enter, or press ? or * to list all spells.
Aiming: Freeze (safe; 0% risk of failure)
Press: ? - help, Shift-Dir - straight line, f - ancient zyme
Aim: an ancient zyme (heavily damaged)
You freeze the ancient zyme.
The ancient zyme is heavily damaged.
* * * LOW HITPOINT WARNING * * *
The red ugly thing is poisoned.
You block the ancient zyme's attack. x2
The smoke demon gestures at you. The ball of steam hits you. You resist.
* * * LOW HITPOINT WARNING * * *
The heat melts your icy armour.
Casting: Freeze (safe; 0% risk of failure)
Confirm with . or Enter, or press ? or * to list all spells.
Aiming: Freeze (safe; 0% risk of failure)
Press: ? - help, Shift-Dir - straight line, f/p - ancient zyme
Aim: an ancient zyme (heavily damaged)
You freeze the ancient zyme!
The ancient zyme is severely damaged.
* * * LOW HITPOINT WARNING * * *
The red ugly thing looks even sicker.
The ancient zyme barely misses you. You block the ancient zyme's attack.
Casting: Freeze (safe; 0% risk of failure)
Confirm with . or Enter, or press ? or * to list all spells.
Aiming: Freeze (safe; 0% risk of failure)
Press: ? - help, Shift-Dir - straight line, f/p - ancient zyme
Aim: an ancient zyme (severely damaged)
You freeze the ancient zyme.
The ancient zyme is severely damaged.
* * * LOW HITPOINT WARNING * * *
The red ugly thing looks even sicker.
The large abomination is engulfed in a cloud of scalding steam.
The large abomination hits you!!
You die...

Y.#†....♣♣♣........
#.†.♣.♣♣ ♣♣♣♣♣....
, .....♣♣**♣♣♣
♣.#♣♣ *,##♣# ♣...
♣♣♣ , * * ** ... ,
* ♣♣♣♣.♣.♣x, ,
♣♣.......3 , *
♣♣X3u♣ , * , *
♣@x†♣♣ * * , ♣♣*.♣
, , ♣♣..♣♣ * ,,,, ,
* ♣.♣♣♣ ♣ * ∩,* *
♣.Y♣♣♣♣♣♣♣.♣♣♣ * ,
,
♣♣....♣.♣...†.♣♣♣♣♣
, *
♣♣..†....♣♣...♣♣..
, * ♣♣.†♣..♣♣
*♣..... * *
♣♣♣♣♣..♣♣♣♣♣
♣♣♣.....


You could see a red ugly thing (very poisoned), an ancient zyme, a large
abomination, a smoke demon and a friendly battlesphere.

Vanquished Creatures
  Josephine (Lair:5)
  A fire dragon (Lair:4)
  2 hydras
  A catoblepas (Lair:1)
  A two-headed ogre (D:10)
  2 death yaks (Lair:4)
  A thrashing horror (Lair:5)
  A fire crab (shapeshifter) (Lair:5)
  A fire crab (Lair:5)
  2 ugly things (Lair:5)
  A manticore (D:11)
  2 elephants (Lair:5)
  3 black mambas
  Joseph (D:7)
  An unseen horror (D:10)
  Maggie (D:7)
  4 cane toads
  3 rime drakes
  8 komodo dragons
  An ancient zyme (Lair:5)
  3 trolls
  A wind drake (shapeshifter) (Lair:5)
  3 hornets
  4 polar bears
  24 blink frogs
  12 dream sheep (Lair:5)
  A vampire (D:11)
  5 wraiths
  4 wyverns
  2 ynoxinuls (Lair:5)
  13 yaks
  6 basilisks
  A steam dragon (D:6)
  3 water moccasins (Lair:5)
  6 orc warriors
  3 sky beasts (D:7)
  An ice beast (D:5)
  20 wolves
  9 centaurs
  7 small abominations (Lair:5)
  A lemure (D:9)
  A kobold brigand (D:8)
  2 scorpions (D:4)
  8 bullfrogs
  9 killer bees
  3 howler monkeys
  4 lava snakes (Lair:2)
  6 hounds
  A jelly (D:7)
  5 orc priests
  An iguana (D:7)
  10 orc wizards
  4 adders
  A shadow imp (D:5)
  5 white imps
  An ufetubus (D:7)
  A worm (D:3)
  2 dart slugs
  19 orcs
  2 bats
  6 endoplasms
  4 giant cockroaches
  6 goblins
  7 hobgoblins
  9 jackals
  13 kobolds
  3 quokkas
  7 ball pythons
  A frilled lizard (D:3)
  7 rats
315 creatures vanquished.

Vanquished Creatures (collateral kills)
  Gastronok (D:9)
  Erolcha (D:9)
  A hydra (Lair:4)
  A death yak (Lair:4)
  Pikel (D:9)
  A salamander (Lair:2)
  A manticore (D:11)
  A black mamba (Lair:4)
  2 elephants (Lair:5)
  4 cane toads
  A rime drake (Lair:1)
  3 komodo dragons
  A tarantella (shapeshifter) (Lair:5)
  2 polar bears (Lair:3)
  11 blink frogs
  Grinder (D:5)
  5 dream sheep (Lair:5)
  A wraith (Lair:5)
  12 yaks
  A wyvern (D:9)
  3 small abominations (Lair:5)
  2 basilisks
  A steam dragon (D:8)
  6 water moccasins
  An acid dragon (D:11)
  An orc warrior (D:8)
  A sky beast (D:7)
  An ice beast (D:7)
  An ogre (D:5)
  A centaur (D:8)
  A lemure (D:9)
  3 wolves
  A kobold brigand (D:9)
  6 bullfrogs
  A scorpion (D:7)
  3 killer bees (D:9)
  2 howler monkeys (D:11)
  2 orc priests
  A hound (D:6)
  3 orc wizards
  6 orcs
  A kobold (D:8)
100 creatures vanquished.

Vanquished Creatures (others)
  A spriggan (Lair:5)
  16 fungi
  30 plants
47 creatures vanquished.

Grand Total: 462 creatures vanquished

Notes
Turn   | Place    | Note
-------+----------+-------------------------------------------
     0 | D:1      | jimonade the Djinni Ice Elementalist began the quest for
                  | the Orb.
     0 | D:1      | jimonade set off with the following spells memorised:
                  | Freeze, Frozen Ramparts, Ozocubu's Armour, Summon Ice
                  | Beast.
     0 | D:1      | Reached XP level 1. HP: 15/15 MP: 0/0
    88 | D:1      | Reached XP level 2. HP: 14/21 MP: 0/0
   275 | D:1      | Found Pepteh's Antique Weapon Shoppe.
   280 | D:1      | Reached XP level 3. HP: 23/25 MP: 0/0
   280 | D:1      | Learned a level 1 spell: Shock
   342 | D:1      | Reached skill level 4 in Spellcasting
   729 | D:2      | Found a sacrificial altar of Ru.
  1476 | D:3      | Reached XP level 4. HP: 30/31 MP: 0/0
  2301 | D:4      | Found a hazy altar of Hepliaklqana.
  2302 | D:4      | Found a shimmering altar of Xom.
  2303 | D:4      | Noticed a spectral ugly thing
  2528 | D:4      | Noticed a scorpion
  2540 | D:4      | Killed a scorpion
  2541 | D:4      | Reached skill level 5 in Spellcasting
  2541 | D:4      | Reached XP level 5. HP: 19/35 MP: 0/0
  2541 | D:4      | Learned a level 2 spell: Momentum Strike
  2703 | D:4      | Reached XP level 6. HP: 34/41 MP: 0/0
  3216 | D:5      | Entered Level 5 of the Dungeon
  3519 | D:5      | Noticed an ice beast
  3526 | D:5      | Killed an ice beast
  3527 | D:5      | Reached skill level 6 in Spellcasting
  3527 | D:5      | Reached XP level 7. HP: 39/46 MP: 0/0
  3527 | D:5      | Learned a level 3 spell: Vampiric Draining
  3642 | D:5      | Noticed Grinder
  3662 | D:5      | Killed Grinder
  3663 | D:5      | Reached skill level 1 in Shields
  4002 | D:5      | Reached XP level 8. HP: 44/51 MP: 0/0
  4173 | D:6      | Reached skill level 7 in Spellcasting
  5235 | D:7      | Noticed Maggie
  5257 | D:7      | Reached skill level 8 in Spellcasting
  5625 | D:7      | Noticed Joseph
  5635 | D:7      | Killed Joseph
  5636 | D:7      | Reached XP level 9. HP: 27/56 MP: 0/0
  5636 | D:7      | Learned a level 4 spell: Ice Form
  5765 | D:7      | Reached skill level 9 in Spellcasting
  5951 | D:7      | Killed Maggie
  6144 | D:7      | Found a staircase to the Ecumenical Temple.
  6153 | Temple   | Entered the Ecumenical Temple
  6160 | Temple   | Became a worshipper of Ashenzari the Shackled
  6547 | D:8      | Noticed a hornet
  6557 | D:8      | Killed a hornet
  6558 | D:8      | Reached skill level 10 in Spellcasting
  6603 | D:8      | Reached XP level 10. HP: 52/61 MP: 0/0
  7387 | D:9      | Reached skill level 1 in Armour
  7554 | D:9      | Noticed Gastronok
  7570 | D:9      | Killed Gastronok
  7571 | D:9      | Reached skill level 11 in Spellcasting
  7745 | D:9      | Noticed Pikel
  7755 | D:9      | Killed Pikel
  7978 | D:9      | Reached XP level 11. HP: 67/67 MP: 0/0
  7978 | D:9      | Learned a level 4 spell: Olgreb's Toxic Radiance
  8057 | D:9      | Noticed Erolcha
  8062 | D:9      | Killed Erolcha
  8063 | D:9      | Reached skill level 1 in Fighting
  8273 | D:9      | Found an iron altar of Okawaru.
  8354 | D:9      | Reached skill level 12 in Spellcasting
  8838 | D:10     | Entered Level 10 of the Dungeon
  8844 | D:10     | Noticed a two-headed ogre
  8853 | D:10     | Killed a two-headed ogre
  8854 | D:10     | Reached skill level 5 in Shields
  9145 | D:10     | Found a sacrificial altar of Ru.
  9146 | D:10     | Found a hide-covered altar of Uskayaw.
  9149 | D:10     | Found a glowing golden altar of the Shining One.
  9672 | D:10     | Reached skill level 13 in Spellcasting
  9680 | D:10     | Reached XP level 12. HP: 53/73 MP: 0/0
  9797 | D:10     | Found a basalt altar of Yredelemnul.
 10333 | D:11     | Found a staircase to the Orcish Mines.
 10465 | D:11     | Reached * piety under Ashenzari
 10486 | D:11     | Found a staircase to the Lair.
 10855 | Lair:1   | Entered Level 1 of the Lair of Beasts
 11113 | Lair:1   | Noticed a catoblepas
 11127 | Lair:1   | Killed a catoblepas
 11128 | Lair:1   | Reached skill level 14 in Spellcasting
 11663 | Lair:1   | Reached ** piety under Ashenzari
 11859 | Lair:2   | Reached XP level 13. HP: 75/88 MP: 0/0
 11859 | Lair:2   | Learned a level 5 spell: Iskenderun's Battlesphere
 12488 | Lair:2   | Found a staircase to the Snake Pit.
 13055 | Lair:3   | Found a staircase to the Swamp.
 13073 | Lair:3   | Reached skill level 5 in Fighting
 13185 | Lair:3   | Reached *** piety under Ashenzari
 13266 | Lair:3   | Noticed a six-headed hydra
 13280 | Lair:3   | Killed a six-headed hydra
 13348 | Lair:3   | Noticed Rupert
 13642 | Lair:4   | Reached skill level 15 in Spellcasting
 13700 | Lair:4   | Noticed a five-headed hydra
 13710 | Lair:4   | Killed a five-headed hydra
 13858 | Lair:4   | Found a viscous altar of Jiyva.
 13864 | Lair:4   | Found a staircase to the Slime Pits.
 13967 | Lair:4   | Noticed an eight-headed hydra
 13986 | Lair:4   | Killed an eight-headed hydra
 13987 | Lair:4   | Reached XP level 14. HP: 91/102 MP: 0/0
 14881 | Lair:5   | Entered Level 5 of the Lair of Beasts
 15062 | Lair:5   | Noticed Josephine
 15113 | Lair:5   | Killed Josephine
 15154 | Lair:5   | Reached skill level 16 in Spellcasting
 15788 | Lair:5   | Slain by a large abomination

Illustrated notes

Levels and vault maps discovered:
D:1:      dpeg_arrival_stone_temple_mockup, layout_rooms, serial_shops, shop,
          minmay_domino_2
D:2:      layout_basic, basic_altar, skrybe_limestone_x, minmay_split_cup_large
D:3:      layout_loops_ring
D:4:      layout_basic, regret_index_temple_of_mockery,
          dreamdust_princess_bridge
D:5:      layout_basic, uniq_grinder
D:6:      layout_layer_cave, minivault_26
D:7:      layout_basic, minmay_temple_entry_stoned_glass, uniq_joseph,
          uniq_maggie
D:8:      layout_basic, nrook_campfire
D:9:      layout_grid_maze, amcnicky_altar_gilded, centaur_isle, uniq_pikel,
          uniq_gastronok, uniq_erolcha
D:10:     layout_layer_cave, general_overflow_altar, grunt_temple_overflow_open,
          minmay_misc_feat_rows
D:11:     layout_irregular_city, lair_entry_dummy, minmay_orc_entry_temple_small
Temple:   nicolae_temple_no_exploring_needed
Lair:1:   beast_lair_carwin_large_1, layout_chaotic_city
Lair:2:   layout_regular_city, nicolae_snake_entry_warm_welcome,
          infiniplex_staircase_pool, serial_bayou_shore_b, serial_bayou_shore_b,
          lemuel_fruit_tree, grunt_megastairs_1
Lair:3:   layout_chaotic_city, swamp_mist_pool, cheibrodos_lair_lostbears,
          uniq_rupert
Lair:4:   dragon1_lemuel, layout_small_grid, slime_entry_1,
          grunt_forest_small_clearings, minivault_11
Lair:5:   hellmonk_lair_end_abyssal_woods, layout_cave_pods, grunt_megastairs_3,
          uniq_josephine

Skill      XL: |  1  2  3  4  5  6  7  8  9 10 11 12 13 14 |
---------------+-------------------------------------------+-----
Spellcasting   | 4 5 6 8 10 11 13 14 15 16 | 16.7
Shields        | 1 2 3 4 5 7 8 9 |  9.3
Dodging        | 3 4 |  4.3
Armour         | 2 3 4 |  4.1
Fighting       | 1 4 6 7 |  7.4
Stealth        | |  1.5

Action                     |  1- 3 |  4- 6 |  7- 9 | 10-12 | 13-15 || total
---------------------------+-------+-------+-------+-------+-------++-------
  Melee: Unarmed           |     1 |       |       |       |       ||     1
         Dagger            |       |     3 |     1 |     8 |     8 ||    20
   Cast: Freeze            |    65 |    47 |    27 |    34 |    15 ||   188
         Shock             |       |    29 |    29 |    25 |   109 ||   192
         Momentum Strike   |       |     3 |    12 |    26 |    19 ||    60
         Frozen Ramparts   |       |     1 |     7 |    13 |     3 ||    24
         Ozocubu's Armour  |       |     1 |     7 |    18 |    15 ||    41
         Summon Ice Beast  |       |       |    26 |    48 |    44 ||   118
         Vampiric Draining |       |       |     2 |    16 |    32 ||    50
         Olgreb's Toxic Ra |       |       |       |   114 |   139 ||   253
         Iskenderun's Batt |       |       |       |       |    18 ||    18
 Invoke: Curse Item        |       |       |       |     3 |     1 ||     4
    Use: Scroll            |       |       |    17 |       |       ||    17
         Potion            |       |       |     2 |       |       ||     2
   Stab: Sleeping          |       |     1 |       |       |       ||     1
 Armour: Robe              |    13 |    10 |    10 |       |       ||    33
         Swamp dragon scal |       |       |     1 |    15 |       ||    16
         Troll leather arm |       |       |       |    36 |    40 ||    76
  Dodge: Dodged            |    24 |    29 |    30 |    78 |    55 ||   216
  Block: Buckler           |       |     3 |    16 |    48 |    48 ||   115

Table legend: (Time is in decaauts)
 A = Elapsed time spent in this place.
 B = Non-inter-level travel time spent in this place.
 C = Inter-level travel time spent in this place.
 D = Time resting spent in this place.
 E = Time spent auto-exploring this place.
 F = Levels seen in this place.
 G = Mean time per level.
                   A        B        C        D        E       F      G
               +--------+--------+--------+--------+--------+-----+--------+
         Total |  15773 |  14713 |   1060 |    398 |  11082 |  17 |  927.8 |
       Dungeon |  10826 |  10151 |    675 |    398 |   7793 |  11 |  984.2 |
        Temple |     14 |      8 |      6 |      0 |      0 |   1 |   14.0 |
          Lair |   4932 |   4553 |    379 |      0 |   3289 |   5 |  986.4 |
               +--------+--------+--------+--------+--------+-----+--------+

Top non-repeatable levels by time:
     D:9: 1466 daAuts
  Lair:4: 1244 daAuts
    D:10: 1158 daAuts
     D:4: 1097 daAuts
     D:6: 1093 daAuts
     D:8: 1060 daAuts
  Lair:2: 1038 daAuts
     D:7: 1025 daAuts
  Lair:1: 940 daAuts
  Lair:5: 907 daAuts
    D:11: 857 daAuts
     D:5: 835 daAuts
     D:2: 802 daAuts
  Lair:3: 801 daAuts
     D:3: 770 daAuts
